 Dungeon Crawl Stone Soup version 0.30-b1-2-g02819fbbbe (webtiles) character file.

Game seed: 13514582805836829344

19 Alarkh the Vexing (level 2, 19/21 HPs)
             Began as a Demonspawn Hexslinger on July 7, 2023.
             Got out of the dungeon alive.
             The game lasted 00:00:32 (257 turns).

Alarkh the Vexing (Demonspawn Hexslinger)            Turns: 257, Time: 00:00:33

Health: 19/21      AC:  5    Str: 10    XL:     2   Next: 55%
Magic:  3/3        EV: 12    Int: 14    God:
Gold:   5          SH:  0    Dex: 13    Spells: 2/3 levels left

rFire   . . .        a - +1 sling
rCold   . . .        (no shield)
rNeg    . . .        c - +0 robe
rPois   .            g - +0 helmet
rElec   .            (no cloak)
rCorr   .            (no gloves)
SInv    .            (no boots)
Will    .....        (no amulet)
Stlth   +            (no ring)
HPRegen 0.23/turn    (no ring)
MPRegen 0.08/turn

%: no passive effects
@: no status effects
A: yellow scales 1
a: no special abilities


You escaped.
You visited 1 branch of the dungeon, and saw 1 of its levels.

You collected 5 gold pieces.

Inventory:

Hand Weapons
 a - a +1 sling (weapon)
Armour
 c - a +0 robe (worn)
 g - a +0 helmet (worn)
Scrolls
 e - 2 scrolls of identify {unknown}
Potions
 d - a potion of lignification {unknown}
 f - a potion of attraction {unknown}


   Skills:
 - Level 1.0 Fighting
 + Level 2.9 Ranged Weapons
 - Level 1.7 Dodging
 - Level 1.0 Spellcasting
 - Level 3.0 Hexes


You had 2 spell levels left.
You knew the following spells:

 Your Spells              Type           Power      Damage    Failure   Level
a - Slow                  Hex            36%        N/A       8%          1

Your spell library contained the following spells:

 Spells                   Type           Power      Damage    Failure   Level
 Inner Flame              Hex/Fire       4%         N/A       38%         3
 Portal Projectile        Hex/Tloc       8%         N/A       38%         3
 Cause Fear               Hex            4%         N/A       58%         4


Dungeon Overview and Level Annotations

Branches:
Dungeon (1/15)

Altars:

Shops:
D:1 [


Innate Abilities, Weirdness & Mutations

You are partially covered in yellow scales. (AC +2)


Message History

A jackal is nearby!
You shoot a sling bullet.
The sling bullet closely misses the jackal.
The jackal barks!
You shoot a sling bullet. The sling bullet hits the jackal.
The jackal is severely wounded.
A ball python comes into view.
You shoot a sling bullet.
The sling bullet barely misses the jackal.
The sling bullet closely misses the ball python.
The ball python hisses angrily.
You shoot a sling bullet. The sling bullet misses the jackal.
The sling bullet hits the ball python.
You kill the ball python!
The jackal closely misses you.
You shoot a sling bullet.
The sling bullet closely misses the jackal.
The jackal closely misses you. The jackal bites you.
You are too injured to fight recklessly!
You are too injured to fight recklessly!
You are too injured to fight recklessly!
You shoot a sling bullet.
The sling bullet hits the jackal but does no damage.
The jackal is severely wounded.
The jackal pauses to sniff the ground.
The jackal closely misses you. x2
You shoot a sling bullet.
The sling bullet barely misses the jackal.
The jackal bites you but does no damage.
The jackal closely misses you.
You shoot a sling bullet.
The sling bullet barely misses the jackal.
The jackal misses you.
You shoot a sling bullet. The sling bullet hits the jackal.
You kill the jackal!
Unknown command.
HP restored.
There is a staircase leading out of the dungeon here.
Are you sure you want to leave the Dungeon?
This will make you lose the game!
You have escaped!

##.# ##.# ##....##.#
#.###..####..#### .#
##.#...###....# ..
.....#####....#### ..
.#.### #...##...#####..
##.#
####.#.##[....###.[
##.# #...∩..##........#
##.# #...[.##.........#
##.##...#.###...@.....#
......#.#.##.....♣...##
##.####.#.##.........#
##......#.##........##
##..#####...###.....#
#...........# ###...#
..######.##....#
###...# .# #.#######
.### # ..# .


There were no monsters in sight!

Vanquished Creatures
  A gnoll (D:1)
  A giant cockroach (D:1)
  4 jackals (D:1)
  A ball python (D:1)
  A bat (D:1)
  A frilled lizard (D:1)
  A kobold (D:1)
10 creatures vanquished.

Notes
Turn   | Place    | Note
-------+----------+-------------------------------------------
     0 | D:1      | Alarkh the Demonspawn Hexslinger began the quest for the
                  | Orb.
     0 | D:1      | Reached XP level 1. HP: 15/15 MP: 2/2
    10 | D:1      | Found Odoklituoce's Antique Armour Emporium.
   187 | D:1      | Gained mutation: You are partially covered in yellow
                  | scales. (AC +2) [demonic ancestry]
   187 | D:1      | Reached XP level 2. HP: 15/21 MP: 3/3
   257 | D:$      | Got out of the dungeon alive.

Illustrated notes

Levels and vault maps discovered:
D:1:      spicycebolla_green_bress_n_ham, layout_rooms, serial_shops, shop,
          hangedman_decor_growths, chequers_serial_rivers_room_b,
          kennysheep_crisscross

Skill      XL: |  1 |
---------------+----+-----
Ranged Weapons | 2 |  2.9
Fighting       | |  1.0
Dodging        | |  1.7
Spellcasting   | |  1.0
Hexes          | |  3.0

Action                     || total
---------------------------++-------
   Fire: Sling             ||    50
    Use: Scroll            ||     1
 Armour: Robe              ||     9
  Dodge: Dodged            ||    49
